 Dungeon Crawl Stone Soup version 0.26.1-2-gb8aa6d0cf2 (webtiles) character file.

Game seed: 4348818477886400010

107 leafyfresh the Magician (level 4, -1/32 HPs)
             Began as a Gnoll Hedge Wizard on Feb 27, 2021.
             Slain by an orc priest
             ... wielding a +0 club
              (7 damage)
             ... on level 2 of the Dungeon on Feb 28, 2021.
             The game lasted 00:07:26 (2735 turns).

leafyfresh the Magician (Gnoll Hedge Wizard)        Turns: 2735, Time: 00:07:27

Health: -1/32      AC:  3    Str: 12    XL:     4   Next: 86%
Magic:  2/13       EV: 15    Int: 17    God:
Gold:   112        SH:  0    Dex: 15    Spells: 9/17 levels left

rFire    . . .     SeeInvis .   a - +0 dagger
rCold    . . .     Faith    .   (no shield)
rNeg     . . .     Spirit   .   b - +0 robe
rPois    .         Reflect  .   c - +0 hat
rElec    .         Harm     .   f - +0 cloak
rCorr    .         Rampage  .   (no gloves)
Will     .....                  (no boots)
Stlth    +++.......             (no amulet)
HPRegen  0.10/turn              (no ring)
MPRegen  0.13/turn              (no ring)

@: very slightly contaminated
A: distributed training, fangs 1, strong nose
a: no special abilities


You were on level 2 of the Dungeon.
You visited 1 branch of the dungeon, and saw 3 of its levels.

You collected 112 gold pieces.

Inventory:

Hand Weapons
 a - a +0 dagger (weapon)
Missiles
 m - 6 atropa-tipped darts
 o - 14 poisoned darts
Armour
 b - a +0 robe (worn)
 c - a +0 hat (worn)
 f - a +0 cloak (worn)
Scrolls
 d - 3 scrolls of identify {unknown}
 h - 2 scrolls of teleportation {unknown}
 k - a scroll of magic mapping {unknown}
 p - a scroll of noise {unknown}
 q - a scroll of fear {unknown}
Potions
 e - a potion of brilliance {unknown}
 g - a potion of ambrosia {unknown}
 i - a potion of flight {unknown}
 j - 2 potions of lignification {unknown}
 l - a potion of invisibility {unknown}
 n - 2 potions of might {unknown}


   Skills:
 + Level 1.2 Fighting
 + Level 1.2 Short Blades
 + Level 1.2 Long Blades
 + Level 1.2 Axes
 + Level 1.2 Maces & Flails
 + Level 1.2 Polearms
 + Level 1.2 Staves
 + Level 1.2 Slings
 + Level 1.2 Bows
 + Level 1.2 Crossbows
 + Level 1.2 Throwing
 + Level 1.2 Armour
 + Level 4.7 Dodging
 + Level 4.3 Stealth
 + Level 1.2 Shields
 + Level 1.2 Unarmed Combat
 + Level 7.2 Spellcasting
 + Level 2.3 Conjurations
 + Level 1.0 Hexes
 + Level 2.3 Summonings
 + Level 1.0 Necromancy
 + Level 2.3 Translocations
 + Level 1.0 Transmutations
 + Level 1.0 Fire Magic
 + Level 1.0 Ice Magic
 + Level 1.0 Air Magic
 + Level 1.0 Earth Magic
 + Level 1.0 Poison Magic
 + Level 1.4 Invocations
 + Level 1.2 Evocations


You had 9 spell levels left.
You knew the following spells:

 Your Spells              Type           Power        Failure   Level
a - Magic Dart            Conj           56%          4%          1
b - Mephitic Cloud        Conj/Pois/Air  11%          19%         3
c - Blink                 Tloc           N/A          7%          2
d - Call Imp              Summ           14%          7%          2

Your spell library contained the following spells:

 Spells                   Type           Power        Failure   Level
 Slow                     Hex            9%           11%         2
 Conjure Flame            Conj/Fire      11%          17%         3


Dungeon Overview and Level Annotations

Branches:
Dungeon (3/15)

Altars:


Innate Abilities, Weirdness & Mutations

Your experience applies equally to all skills.
You have very sharp teeth.
Your uncanny sense of smell can sniff out nearby items.


Message History

The orc priest is moderately wounded.
The orc priest closely misses you.
Unknown command.
You hit the orc priest.
The orc priest is heavily wounded.
The orc priest hits you with a +0 club!
* * * LOW HITPOINT WARNING * * *
Unknown command.
You hit the orc priest but do no damage.
The orc priest is heavily wounded.
The orc priest looks braver for a moment.
Unknown command.
You hit the orc priest but do no damage.
The orc priest is heavily wounded.
The orc priest misses you.
Unknown command.
You hit the orc priest but do no damage.
The orc priest is heavily wounded.
The orc priest hits you with a +0 club!
You die...

#############....#.##.)
#.....##...........##..
#.....##...............
#.....##...........#.##
#........†w............
#.....##...........#.##
###.########.###.....##
#####.###### #.# ######..
#...÷..o@..###.########..
#....>...................
####...........##.########..
#..(...#.......##.# ###..
#......#.......##.######....
#......#.#####..............
#........# #..............
#......#######..............
#..[..............######....


You could see an orc priest.

Vanquished Creatures
  Ijyb (D:3)
  3 adders (D:2)
  An ooze (D:2)
  A worm (D:2)
  A dart slug (D:1)
  A leopard gecko (D:1)
  An orc (D:3)
  2 ball pythons (D:1)
  5 bats
  3 giant cockroaches
  3 goblins (D:1)
  6 hobgoblins
  3 jackals (D:2)
  2 quokkas (D:2)
  4 frilled lizards
  4 kobolds
  3 rats (D:1)
44 creatures vanquished.

Notes
Turn   | Place    | Note
-------+----------+-------------------------------------------
     0 | D:1      | leafyfresh the Gnoll Hedge Wizard began the quest for the
                  | Orb.
     0 | D:1      | Reached XP level 1. HP: 13/13 MP: 8/8
   341 | D:1      | Reached XP level 2. HP: 6/19 MP: 0/10
  1203 | D:1      | Reached XP level 3. HP: 23/25 MP: 11/11
  1207 | D:1      | Learned a level 3 spell: Mephitic Cloud
  1210 | D:1      | Learned a level 2 spell: Blink
  1213 | D:1      | Learned a level 2 spell: Call Imp
  1595 | D:2      | Reached skill level 1 in Invocations
  1829 | D:2      | Reached skill level 1 in Fighting
  1829 | D:2      | Reached skill level 1 in Short Blades
  1829 | D:2      | Reached skill level 1 in Long Blades
  1829 | D:2      | Reached skill level 1 in Axes
  1829 | D:2      | Reached skill level 1 in Maces & Flails
  1829 | D:2      | Reached skill level 1 in Polearms
  1829 | D:2      | Reached skill level 1 in Staves
  1829 | D:2      | Reached skill level 1 in Slings
  1829 | D:2      | Reached skill level 1 in Bows
  1829 | D:2      | Reached skill level 1 in Crossbows
  1829 | D:2      | Reached skill level 1 in Throwing
  1829 | D:2      | Reached skill level 1 in Armour
  1829 | D:2      | Reached skill level 1 in Shields
  1829 | D:2      | Reached skill level 1 in Unarmed Combat
  1829 | D:2      | Reached skill level 1 in Evocations
  1829 | D:2      | Reached XP level 4. HP: 14/32 MP: 7/13
  2427 | D:3      | Noticed Ijyb
  2606 | D:3      | Killed Ijyb
  2607 | D:3      | Reached skill level 1 in Hexes
  2607 | D:3      | Reached skill level 1 in Necromancy
  2607 | D:3      | Reached skill level 1 in Transmutations
  2607 | D:3      | Reached skill level 1 in Fire Magic
  2607 | D:3      | Reached skill level 1 in Ice Magic
  2607 | D:3      | Reached skill level 1 in Air Magic
  2607 | D:3      | Reached skill level 1 in Earth Magic
  2607 | D:3      | Reached skill level 1 in Poison Magic
  2735 | D:2      | Slain by an orc priest

Illustrated notes

Levels and vault maps discovered:
D:1:      onia_arrival_mini_maze_b, layout_basic
D:2:      layout_basic
D:3:      layout_rooms, wander_ebering_terrifying_dragon_lair, uniq_ijyb

Skill      XL: |  1  2  3  4 |
---------------+-------------+-----
Conjurations   | 2 |  2.3
Summonings     | 2 |  2.3
Translocations | 2 |  2.3
Invocations    | 1 |  1.4
Fighting       | 1 |  1.2
Short Blades   | 1 |  1.2
Long Blades    | 1 |  1.2
Axes           | 1 |  1.2
Maces & Flails | 1 |  1.2
Polearms       | 1 |  1.2
Staves         | 1 |  1.2
Slings         | 1 |  1.2
Bows           | 1 |  1.2
Crossbows      | 1 |  1.2
Throwing       | 1 |  1.2
Armour         | 1 |  1.2
Shields        | 1 |  1.2
Unarmed Combat | 1 |  1.2
Evocations     | 1 |  1.2
Hexes          | 1 |  1.0
Necromancy     | 1 |  1.0
Transmutations | 1 |  1.0
Fire Magic     | 1 |  1.0
Ice Magic      | 1 |  1.0
Air Magic      | 1 |  1.0
Earth Magic    | 1 |  1.0
Poison Magic   | 1 |  1.0
Dodging        | |  4.7
Stealth        | |  4.3
Spellcasting   | |  7.2

Action                   |  1- 3 |  4- 6 || total
-------------------------+-------+-------++-------
Melee: Dagger            |   100 |    54 ||   154
       Bite              |    11 |     3 ||    14
       Punch             |       |     1 ||     1
 Cast: Magic Dart        |    27 |    24 ||    51
       Mephitic Cloud    |     3 |     3 ||     6
       Blink             |       |     2 ||     2
 Stab: Sleeping          |     5 |     4 ||     9
       Confused          |     1 |     2 ||     3
       Distracted        |     1 |       ||     1
Armor: Robe              |    21 |    11 ||    32
Dodge: Dodged            |    71 |    38 ||   109
